 Dungeon Crawl Stone Soup version 0.21.1-1-g345015fe64 (webtiles) character file.

1911 RaHiT the Cutter (level 8, 0/57 HPs)
             Began as a Vampire Assassin on Feb 25, 2018.
             Slain by a black bear (6 damage)
             ... on level 7 of the Dungeon.
             The game lasted 00:30:31 (6879 turns).

RaHiT the Cutter (Vampire Assassin)                 Turns: 6879, Time: 00:30:31

Health: 0/57       AC:  8    Str: 10    XL:     8   Next: 95%
Magic:  9/9        EV: 11    Int: 13    God:
Gold:   409        SH:  3    Dex: 18    Spells: 7/7 levels left

rFire    . . .     SeeInvis +   b - +0 blowgun
rCold    + . .     Gourm    .   (no shield)
rNeg     + + .     Faith    .   h - +0 ring mail
rPois    +         Spirit   .   (no helmet)
rElec    .         Reflect  +   d - +0 cloak
rCorr    .         Harm     .   s - +0 pair of gloves
MR       .....                  (no boots)
Stlth    ++++......             t - +3 amulet of reflection
HPRegen  0.09/turn              (no ring)
MPRegen  0.11/turn              (no ring)

@: regenerating slowly
A: fangs 3, see invisible, unbreathing
a: Bat Form


You were on level 7 of the Dungeon.
You were thirsty.

You visited 2 branches of the dungeon, and saw 8 of its levels.

You collected 409 gold pieces.

Inventory:

Hand Weapons
 a - a +2 dagger
 b - a +0 blowgun (weapon)
 v - a +2 quarterstaff of chaos
Missiles
 e - 15 poisoned needles (quivered)
 y - a throwing net
Armour
 d - a +0 cloak (worn)
 h - a +0 ring mail (worn)
 s - a +0 pair of gloves (worn)
 w - a +0 ring mail of magic resistance
 C - a +0 buckler
Jewellery
 c - an uncursed amulet of regeneration
 t - a +3 amulet of reflection (around neck)
Wands
 A - a wand of flame (25)
 B - a wand of random effects (41)
Scrolls
 j - a scroll of fear
 l - a scroll of amnesia
 m - 7 scrolls of remove curse
 r - a scroll of blinking
 u - 3 scrolls of teleportation
 x - a scroll of identify
 F - a scroll of magic mapping
Potions
 g - 12 potions of blood
 i - 2 potions of curing
 k - 2 potions of might
 n - a potion of haste
 o - a potion of berserk rage
 p - a potion of brilliance
 q - a potion of flight
 z - a potion of ambrosia
 D - a potion of agility
 E - a potion of heal wounds


   Skills:
 + Level 2.8 Fighting
 + Level 7.7 Short Blades
 - Level 2.9 Staves
 - Level 2.0 Throwing
 * Level 5.4 Armour
 + Level 2.5 Dodging
 - Level 6.0 Stealth
 + Level 2.3 Shields
 + Level 1.7 Evocations


You had 7 spell levels left.
You didn't know any spells.

Dungeon Overview and Level Annotations

Branches:
Dungeon (7/15)             Temple (1/1) D:6

Altars:
Cheibriados
Dithmenos
Elyvilon
Fedhas
Gozag
Hepliaklqana
Kikubaaqudgha
Makhleb
Nemelex Xobeh
Okawaru
Qazlal
Ru
Sif Muna
Wu Jian
Xom
Zin
The Shining One

Shops:
D:4 [   D:7 *


Innate Abilities, Weirdness & Mutations

You heal slowly.
You have razor-sharp teeth.
You have supernaturally acute eyesight. (SInv)
You can survive without breathing.


Message History

* * * LOW HITPOINT WARNING * * *
The black bear closely misses you. The black bear closely misses you.
The black bear barely misses you.
The black bear claws you but does no damage.
The black bear bites you but does no damage.
The black bear misses you. The black bear claws you.
* * * LOW HITPOINT WARNING * * *
There is a stone staircase leading up here.
Firing (i - inventory. (,) - cycle):
e - 16 poisoned needles (quivered)
Press: ? - help, Shift-Dir - straight line, f/p - black bear
Aim: a black bear (almost dead, berserk, fast, unusually strong, poisoned)
You shoot a poisoned needle.
The poisoned needle hits the black bear.
The black bear is almost dead.
The black bear misses you. The black bear closely misses you.
The black bear claws you.
* * * LOW HITPOINT WARNING * * *
A worker ant comes into view.
You block the black bear's attack. The black bear claws you.
You die...

#....# #....#### #.......####
#....#..#..####
#..".#..<.....# ..
#######.......# #######....
######.....# ##.........##
....##.....#####.....#.....##
#..#......@h....s.........#
#......a###...............
...##.(.#....................
...........###....(..........
.............................
..####..#..#...............(.
# #..#.........).......(.#
#...#.#####..........((#.
#.#.#.# #....#8.8(8###.


You could see a black bear (berserk), a scorpion and a worker ant.

Vanquished Creatures
  The ghost of Jynx the Changer, a novice DrTm (D:5)
  An ice beast (D:5)
  A black bear (D:7)
  A phantom (D:5)
  An ogre (D:7)
  The ghost of Bal the Insei, an amateur GnTm (D:3)
  Blork the orc (D:5)
  A bullfrog (D:6)
  3 scorpions
  A howler monkey (D:4)
  3 crimson imps
  4 hounds
  2 jellies (D:6)
  Crazy Yiuf (D:2)
  An orc priest (D:6)
  Ijyb (D:4)
  4 worker ants
  3 iguanas
  3 orc wizards
  A hound zombie (D:6)
  4 worker ant zombies
  A howler monkey skeleton (D:5)
  9 adders
  A shadow imp (D:6)
  A worm (D:3)
  6 leopard geckos
  14 orcs
  7 bats
  4 giant cockroaches
  9 goblins
  4 hobgoblins
  13 jackals
  2 quokkas
  A ball python (D:1)
  9 frilled lizards
  4 kobolds
  8 rats
132 creatures vanquished.

Vanquished Creatures (others)
  An orc (D:5)
1 creature vanquished.

Grand Total: 133 creatures vanquished

Notes
Turn   | Place    | Note
-------+----------+-------------------------------------------
     0 | D:1      | RaHiT the Vampire Assassin began the quest for the Orb.
     0 | D:1      | Reached XP level 1. HP: 16/16 MP: 1/1
   141 | D:1      | Found a shimmering altar of Xom.
   150 | D:1      | Reached XP level 2. HP: 22/22 MP: 2/2
   205 | D:1      | Reached skill level 1 in Armour
   833 | D:1      | Reached XP level 3. HP: 27/27 MP: 3/3
  1565 | D:2      | Found a runed door.
  1570 | D:2      | Noticed Crazy Yiuf
  1580 | D:2      | Killed Crazy Yiuf
  1580 | D:2      | Reached skill level 3 in Short Blades
  1580 | D:2      | Reached XP level 4. HP: 33/33 MP: 4/4
  1907 | D:3      | Found a deep blue altar of Sif Muna.
  1907 | D:3      | Found an ornate altar of the Wu Jian Council.
  1907 | D:3      | Found an ancient bone altar of Kikubaaqudgha.
  1961 | D:3      | Found a hazy altar of Hepliaklqana.
  2020 | D:3      | Noticed Bal's ghost (amateur GnTm)
  2054 | D:3      | Killed Bal's ghost
  2054 | D:3      | Reached skill level 4 in Short Blades
  2054 | D:3      | Reached XP level 5. HP: 20/38 MP: 5/5
  2166 | D:3      | Found a burning altar of Makhleb.
  2579 | D:4      | Reached XP level 6. HP: 44/44 MP: 6/6
  2672 | D:4      | Reached skill level 5 in Short Blades
  3096 | D:4      | Noticed Ijyb
  3116 | D:4      | Killed Ijyb
  3116 | D:4      | Reached XP level 7. HP: 50/50 MP: 7/7
  3124 | D:4      | Found Meungue's Armour Shoppe.
  3158 | D:5      | Entered Level 5 of the Dungeon
  3161 | D:5      | Reached skill level 6 in Short Blades
  3169 | D:5      | Noticed Jynx's ghost (novice DrTm)
  4323 | D:5      | Reached skill level 1 in Shields
  4498 | D:5      | Reached skill level 1 in Staves
  4607 | D:5      | Killed Jynx's ghost
  4607 | D:5      | Reached skill level 7 in Short Blades
  4607 | D:5      | Reached XP level 8. HP: 27/56 MP: 8/8
  4822 | D:5      | Noticed Blork the orc
  4833 | D:5      | Killed Blork the orc
  5275 | D:6      | Found a sparkling altar of Nemelex Xobeh.
  5469 | D:6      | Found a staircase to the Ecumenical Temple.
  5483 | Temple   | Entered the Ecumenical Temple
  5927 | D:6      | Reached skill level 5 in Armour
  5927 | D:6      | Reached skill level 1 in Evocations
  6791 | D:7      | Found Mask's Assorted Antiques.
  6879 | D:7      | Slain by a black bear

Skill      XL: |  1  2  3  4  5  6  7  8 |
---------------+-------------------------+-----
Stealth        | 6 |  6.0
Armour         | 1 2 3 4 5 |  5.4
Fighting       | 2 |  2.8
Throwing       | 2 |  2.0
Short Blades   | 3 4 5 7 |  7.7
Shields        | 1 2 |  2.3
Staves         | 2 |  2.9
Evocations     | 1 |  1.7
Dodging        | 2 |  2.5

Action                   |  1- 3 |  4- 6 |  7- 9 || total
-------------------------+-------+-------+-------++-------
Melee: Dagger            |    65 |   124 |    81 ||   270
       Bite              |     2 |    10 |    31 ||    43
       Quarterstaff      |       |       |   145 ||   145
 Fire: Blowgun           |     5 |     6 |    45 ||    56
Throw: Throwing net      |       |       |     1 ||     1
 Abil: End Transformatio |       |       |    13 ||    13
       Bat Form          |       |       |    13 ||    13
Evoke: Wand              |       |       |     8 ||     8
  Use: Scroll            |       |     7 |     6 ||    13
       Potion            |       |     7 |    11 ||    18
 Stab: Sleeping          |    22 |    14 |     9 ||    45
       Invisible         |       |     2 |       ||     2
Armor: Robe              |    17 |    17 |    19 ||    53
       Ring mail         |       |       |    75 ||    75
Dodge: Dodged            |    23 |    35 |   124 ||   182
Block: Other             |     1 |     9 |    17 ||    27
       Reflection        |       |       |     1 ||     1
